 Dungeon Crawl Stone Soup version 0.31-a0-182-gc5ef74bbde (webtiles) character file.

Game seed: 1771419919497764645

228 qw the Chopper (level 6, -9/38 HPs)
             Began as a Gargoyle Fighter on June 20, 2023.
             Killed by divine providence
             ... invoked by an orc priest
              (14 damage)
             ... on level 4 of the Dungeon.
             The game lasted 00:01:29 (2006 turns).

qw the Chopper (Gargoyle Fighter)                   Turns: 2006, Time: 00:01:29

Health: -9/38      AC: 13    Str: 21    XL:     6   Next: 2%
Magic:  6/6        EV:  9    Int: 12    God:
Gold:   212        SH:  4    Dex:  8    Spells: 5/5 levels left

rFire   . . .        Y - +0 war axe
rCold   . . .        c - +0 buckler
rNeg    + . .        b - +0 scale mail
rPois   inf          (no helmet)
rElec   +            (no cloak)
rCorr   .            (no gloves)
SInv    .            (no boots)
Will    .....        (no amulet) Stlth
                     (no ring)
HPRegen 0.26/turn    (no ring)
MPRegen 0.10/turn

%: no passive effects
@: no status effects
A: sickness immunity, AC +4, negative energy resistance 1, electricity
resistance, torment resistance 1, petrification resistance, iridescent scales 1,
clever 1, wild magic 1
a: no special abilities


You were on level 4 of the Dungeon.
You visited 1 branch of the dungeon, and saw 4 of its levels.

You collected 212 gold pieces.


Innate Abilities, Weirdness & Mutations

You are immune to sickness and miasma.
Your stone body is resilient. (AC +4)
You are immune to poison.
You resist negative energy. (rN+)
You are resistant to electric shocks. (rElec)
You are resistant to unholy torment.
You are immune to petrification.
You are partially covered in iridescent scales. (AC +2)
Your mind is acute. (Int +4, Str/Dex -1)
Your spells are a little harder to cast, but a little more powerful.


   Skills:
 - Level 4.0 Fighting
 + Level 5.1 Axes
 - Level 3.2 Armour
 - Level 0.2 Dodging
 - Level 3.2 Shields


You had 5 spell levels left.
You didn't know any spells.
Your spell library was empty.

Inventory:

Hand Weapons
 n - a +0 flail
 Y - a +0 war axe (weapon)
Armour
 b - a +0 scale mail (worn)
 c - a +0 buckler (worn)
Scrolls
 e - a scroll of identify
 f - 3 scrolls of teleportation
Potions
 d - a potion of might
 g - a potion of lignification
 i - a potion of enlightenment
 j - a potion of curing
 k - a potion of mutation
 l - a potion of resistance
 m - a potion of berserk rage {unknown}

Dungeon Overview and Level Annotations

Branches:
Dungeon (4/15)
 Temple: D:4-7

Altars:
The Shining One


Message History

The orc wizard shouts!
The endoplasm quivers.
You hear a shout! x2
The orc wizard casts a spell at you.
The magic dart hits you but does no damage.
Enter note:
1999 ||| Stepping ~*~*~tactically~*~*~ (hiding).
Enter note:
2000 ||| Stepping ~*~*~tactically~*~*~ (hiding).
Enter note: The endoplasm freezes you.
You are frozen.
An orc comes into view. It is wielding a +0 falchion.
Enter note: The orc shouts!
You hit the endoplasm.
You kill the endoplasm!
You hear a shout!
An orc priest comes into view. It is wielding a +0 hand axe.
The orc priest invokes the aid of Beogh against you.
Beogh smites you!
You hit the orc wizard.
The orc wizard is heavily wounded.
An orc wizard comes into view. It is wielding a +0 dagger.
A kobold comes into view. It is wielding a +0 short sword.
The orc wizard barely misses you.
The orc priest mumbles some strange prayers to Beogh against you.
Beogh smites you!
You barely miss the orc wizard.
The orc wizard is heavily wounded.
The kobold throws a stone.
The stone completely misses you.
The orc wizard points at you and mumbles some strange words.
You resist with some effort.
You slash the orc wizard!
You kill the orc wizard!
The orc priest calls down the wrath of Beogh upon you.
Beogh smites you!
The orc priest calls down the wrath of Beogh upon you.
Beogh smites you!
You die...

###### ## #. #.##.# #. #
#. #.##.### #.
#.#.####......#### #.
###.#..#...........# #.
..........#.##.#....###.
........................
.....#..#.#.##.#.#..###.
......o@................
oo.#.#..#.#.##..........
#.#..#.#.............
..........>..(.......
.#..............#.##..
......#.###.....#.##..
.....K.... .... ...
..#....... ... ...


You could see an orc priest, an orc wizard, an orc and a kobold.

Vanquished Creatures
  2 jellies (D:3)
  An orc wizard (D:4)
  4 gnolls (D:3)
  5 adders
  A worm (D:3)
  2 dart slugs (D:2)
  6 ball pythons
  9 bats
  14 endoplasms
  4 giant cockroaches
  3 goblins
  6 hobgoblins
  4 quokkas
  3 frilled lizards (D:1)
  12 kobolds
  5 rats
81 creatures vanquished.

Notes
Turn   | Place    | Note
-------+----------+-------------------------------------------
     0 | D:1      | qw the Gargoyle Fighter began the quest for the Orb.
     0 | D:1      | Reached XP level 1. HP: 14/14 MP: 1/1
     0 | D:1      | 0 ||| qw: Version: 0.3-a-9-g12657ce
     0 | D:1      | 0 ||| qw: Game counter: 1397
     0 | D:1      | 0 ||| qw: Always use a shield: true
     0 | D:1      | 0 ||| qw: God list: Okawaru
     0 | D:1      | 0 ||| qw: Allow faded altars: false
     0 | D:1      | 0 ||| qw: Do Orc after D:15 true
     0 | D:1      | 0 ||| qw: Do second Lair branch before Depths: true
     0 | D:1      | 0 ||| qw: Lair rune preference: random
     0 | D:1      | 0 ||| qw: Plans: Normal, Zot:1-4, Slime:5, God:TSO, Crypt,
                  | Tomb, Abyss, Pan, Hells, Win
     0 | D:1      | 0 ||| PLANNING D:1-11
    71 | D:1      | 71 ||| Stepping ~*~*~tactically~*~*~ (hiding).
    73 | D:1      | 73 ||| Stepping ~*~*~tactically~*~*~ (hiding).
    83 | D:1      | Reached skill level 2 in Axes
   120 | D:1      | Reached XP level 2. HP: 19/19 MP: 2/2
   174 | D:1      | 174 ||| DROPPING +0 whip.
   401 | D:1      | Reached skill level 3 in Axes
   454 | D:1      | Reached XP level 3. HP: 16/23 MP: 3/3
   621 | D:1      | 621 ||| READING scroll labelled GUNNIA ALUIS.
   624 | D:1      | 624 ||| READING scroll labelled FATEASHR GASE.
   625 | D:1      | 625 ||| DRINKING 2 lumpy grey potions.
  1071 | D:2      | 1071 ||| DROPPING ring of magical power.
  1072 | D:2      | 1072 ||| DROPPING ring of wizardry.
  1073 | D:2      | 1073 ||| READING scroll labelled YNOKYG LIUM.
  1074 | D:2      | 1074 ||| READING scroll labelled KOTSOI CEERAW.
  1075 | D:2      | 1075 ||| READING scroll labelled QUKHLA SIRESUEG.
  1076 | D:2      | 1076 ||| DRINKING 2 fizzy green potions.
  1077 | D:2      | 1077 ||| READING 2 scrolls of identify.
  1077 | D:2      | 1077 ||| IDENTIFYING fuming amethyst potion
  1106 | D:3      | 1106 ||| STAIRDANCE
  1158 | D:3      | Reached XP level 4. HP: 20/28 MP: 4/4
  1231 | D:3      | Reached skill level 4 in Axes
  1235 | D:3      | Reached XP level 5. HP: 21/32 MP: 5/5
  1241 | D:3      | HP: 7/32 [frozen (2)]
  1460 | D:3      | Found a glowing golden altar of the Shining One.
  1601 | D:3      | Reached skill level 5 in Axes
  1640 | D:3      | 1640 ||| Stepping ~*~*~tactically~*~*~ (hiding).
  1641 | D:3      | 1641 ||| Stepping ~*~*~tactically~*~*~ (hiding).
  1642 | D:3      | 1642 ||| Stepping ~*~*~tactically~*~*~ (hiding).
  1693 | D:3      | 1693 ||| Stepping ~*~*~tactically~*~*~ (stealth).
  1694 | D:3      | 1694 ||| Stepping ~*~*~tactically~*~*~ (stealth).
  1712 | D:3      | 1712 ||| DROPPING +0 mace.
  1893 | D:3      | 1893 ||| READING scroll labelled RIRACI EMIASAO.
  1894 | D:3      | 1894 ||| READING scroll labelled OGAURPHI XOEFEQ.
  1895 | D:3      | 1895 ||| DRINKING 2 bubbling sapphire potions.
  1895 | D:3      | Gained mutation: You are partially covered in iridescent
                  | scales. (AC +2) [potion of mutation]
  1895 | D:3      | Gained mutation: Your mind is acute. (Int +4, Str/Dex -1)
                  | [potion of mutation]
  1895 | D:3      | Gained mutation: Your spells are a little harder to cast,
                  | but a little more powerful. [potion of mutation]
  1896 | D:3      | 1896 ||| READING 2 scrolls of identify.
  1896 | D:3      | 1896 ||| IDENTIFYING purple potion
  1904 | D:4      | 1904 ||| STAIRDANCE
  1915 | D:3      | Reached XP level 6. HP: 35/38 MP: 6/6
  1999 | D:4      | 1999 ||| Stepping ~*~*~tactically~*~*~ (hiding).
  2000 | D:4      | 2000 ||| Stepping ~*~*~tactically~*~*~ (hiding).
  2006 | D:4      | HP: 5/38 [orc priest/divine providence (7)]
  2006 | D:4      | Killed from afar by an orc priest

Levels and vault maps discovered:
D:1:      tekkud_arrival_beachfront_property, layout_rooms, minmay_box_of_dots
D:2:      layout_rooms
D:3:      cheibrodos_fertilizer, layout_rooms, nicolae_overflow_crystal_walls,
          grunt_ministairs_2
D:4:      layout_basic

Skill      XL: |  1  2  3  4  5 |
---------------+----------------+-----
Axes           | 2 3 4 5 |  5.1
Fighting       | 4 |  4.0
Armour         | |  3.2
Dodging        | |  0.2
Shields        | |  3.2

Action                     |  1- 3 |  4- 6 || total
---------------------------+-------+-------++-------
  Melee: War axe           |   146 |   115 ||   261
    Use: Scroll            |     6 |     3 ||     9
         Potion            |     2 |     1 ||     3
 Armour: Scale mail        |    98 |    47 ||   145
  Dodge: Dodged            |    69 |    55 ||   124
  Block: Buckler           |    29 |    17 ||    46

Table legend:
 A = Non-vault XP
 B = Vault XP
 C = Vault XP percentage of total XP
 D = Non-vault monster count
 E = Vault monster count
 F = Vault count percentage of total count
                 A         B        C        D         E       F
            +---------+---------+-------+---------+---------+-------
      Total |     230 |     131 |  36.3 |      57 |      24 |  29.6
            +---------+---------+-------+---------+---------+-------
        D:1 |      40 |       7 |  14.9 |      26 |       5 |  16.1
        D:2 |      28 |       0 |   0.0 |       7 |       0 |   0.0
        D:3 |     123 |     124 |  50.2 |      21 |      19 |  47.5
        D:4 |      39 |       0 |   0.0 |       3 |       0 |   0.0
            +---------+---------+-------+---------+---------+-------
